| TOP OF THE 1ST |
|
Elmira Pioneers batting - Pitching for Lynn Sailors : RHP Donald Cline
|
|
Pitching: RHP Donald Cline
|
|
|
Batting: RHB Ken Dowell
|
0-0: Called Strike 0-1: Ball 1-1: Ground out 5-3 (Groundball, 5, EV 110.0 MPH)
|
|
Batting: RHB Ron Stinnett
|
0-0: Ball 1-0: Foul Ball, location: 2F 1-1: Ball 2-1: Ground out 4-3 (Groundball, 34, EV 104.4 MPH)
|
|
Batting: RHB Richard Givens
|
0-0: Foul Ball, location: 2F 0-1: Ground out 6-3 (Groundball, 6, EV 93.1 MPH)
|
| Top of the 1st over - 0 runs, 0 hits, 0 errors, 0 left on base; Elmira 0 - Lynn 0 |
| BOTTOM OF THE 1ST |
|
Lynn Sailors batting - Pitching for Elmira Pioneers : RHP Rich Monteleone
|
|
Pitching: RHP Rich Monteleone
|
|
|
Batting: RHB Ron Wotus
|
0-0: Swinging Strike 0-1: DOUBLE (Groundball, 5L, EV 94.4 MPH)
|
|
Batting: RHB Jorge Hinojosa
|
0-0: Called Strike 0-1: Called Strike 0-2: DOUBLE (Line Drive, 9LM, EV 103.1 MPH) Ron Wotus scores
|
|
Batting: RHB Mike Rubel
|
0-0: Ball 1-0: Foul Ball, location: 2F 1-1: Ball 2-1: Ball 3-1: Base on Balls
|
|
Batting: RHB Mike Reddish
|
0-0: Ball 1-0: Ball 2-0: Foul Ball, location: 2F 2-1: Fly out, F7 (Flyball, 7LM, EV 83.8 MPH)
|
|
Batting: RHB Ted Trevino
|
0-0: Called Strike 0-1: Fly out, F9 (Flyball, 9LS, EV 74.4 MPH)
|
|
Batting: RHB Vinny Jaramillo
|
0-0: Swinging Strike 0-1: SINGLE (Flyball, 4D, EV 94.4 MPH) Jorge Hinojosa to third Mike Rubel to second Runner from 3rd tries for Home, SAFE, throw by CF to home
|
|
Batting: RHB Lee Wenzel
|
0-0: Called Strike 0-1: Ball 1-1: Ground out 6-3 (Groundball, P, EV 91.3 MPH)
|
| Bottom of the 1st over - 2 runs, 3 hits, 0 errors, 2 left on base; Elmira 0 - Lynn 2 |
| TOP OF THE 2ND |
|
Elmira Pioneers batting - Pitching for Lynn Sailors : RHP Donald Cline
|
|
Batting: RHB Donn Koch
|
0-0: Called Strike 0-1: Fly out, F8 (Flyball, 8RD, EV 88.8 MPH)
|
|
Batting: RHB Edwin Rodriguez
|
0-0: Ball 1-0: Swinging Strike 1-1: Ball 2-1: TRIPLE (Flyball, 78XD, EV 106.9 MPH)
|
|
Batting: SHB Esteban Mendez
|
0-0: Ground out 4-3 (Groundball, 4, EV 91.3 MPH) Edwin Rodriguez scores
|
|
Batting: LHB Juan Flores
|
0-0: Called Strike 0-1: Ball 1-1: Ball 2-1: Ball 3-1: Foul Ball, location: 2F 3-2: Fly out, F3 (Flyball, 3D, EV 95.0 MPH)
|
| Top of the 2nd over - 1 run, 1 hit, 0 errors, 0 left on base; Elmira 1 - Lynn 2 |
| BOTTOM OF THE 2ND |
|
Lynn Sailors batting - Pitching for Elmira Pioneers : RHP Rich Monteleone
|
|
Batting: SHB Danny Gans
|
0-0: Called Strike 0-1: Ball 1-1: Ball 2-1: Foul Ball, location: 2F 2-2: Foul Ball, location: 2F 2-2: Foul Ball, location: 2F 2-2: Foul Ball, location: 2F 2-2: Strikes out swinging
|
|
Batting: RHB Ezequiel Carrasco
|
0-0: Ball 1-0: Called Strike 1-1: Ball 2-1: Ball 3-1: Fly out, F8 (Flyball, 8LD, EV 90.0 MPH)
|
|
Batting: RHB Ron Wotus
|
0-0: Fly out, F7 (Flyball, 78D, EV 98.1 MPH)
|
| Bottom of the 2nd over - 0 runs, 0 hits, 0 errors, 0 left on base; Elmira 1 - Lynn 2 |
| TOP OF THE 3RD |
|
Elmira Pioneers batting - Pitching for Lynn Sailors : RHP Donald Cline
|
|
Batting: RHB Curtis Cannedy
|
0-0: Ball 1-0: Called Strike 1-1: Ball 2-1: Foul Ball, location: 2F 2-2: Ground out 6-3 (Groundball, 56, EV 109.4 MPH)
|
|
Batting: LHB German Barranca
|
0-0: Called Strike 0-1: Foul Ball, location: 2F 0-2: Ball 1-2: Ball 2-2: Ball 3-2: Base on Balls
|
|
Batting: RHB Ken Dowell
|
0-0: Ball 1-0: Foul Ball, location: 2F 1-1: Called Strike 1-2: Strikes out swinging
|
|
Batting: RHB Ron Stinnett
|
0-0: Foul Ball, location: 2F 0-1: Ball 1-1: Fielders Choice at 2nd, 6-4 (Groundball, 56, EV 105.6 MPH)
|
| Top of the 3rd over - 0 runs, 0 hits, 0 errors, 1 left on base; Elmira 1 - Lynn 2 |
| BOTTOM OF THE 3RD |
|
Lynn Sailors batting - Pitching for Elmira Pioneers : RHP Rich Monteleone
|
|
Batting: RHB Jorge Hinojosa
|
0-0: Called Strike 0-1: Fly out, F5 (Popup, 5F, EV 65.6 MPH)
|
|
Batting: RHB Mike Rubel
|
0-0: Foul Ball, location: 2F 0-1: Ball 1-1: Ball 2-1: Ground out 4-3 (Groundball, 4S, EV 82.5 MPH)
|
|
Batting: RHB Mike Reddish
|
0-0: Ball 1-0: Ball 2-0: Ball 3-0: Base on Balls
|
|
Batting: RHB Ted Trevino
|
0-0: SINGLE (Flyball, 89S, EV 85.0 MPH) Mike Reddish to second Runner from 2nd tries for 3rd, SAFE, throw by RF made to third
|
|
Batting: RHB Vinny Jaramillo
|
0-0: Called Strike 0-1: Called Strike 0-2: Strikes out looking
|
| Bottom of the 3rd over - 0 runs, 1 hit, 0 errors, 2 left on base; Elmira 1 - Lynn 2 |
| TOP OF THE 4TH |
|
Elmira Pioneers batting - Pitching for Lynn Sailors : RHP Donald Cline
|
|
Batting: RHB Richard Givens
|
0-0: Ball 1-0: Called Strike 1-1: Foul Ball, location: 2F 1-2: Strikes out swinging
|
|
Batting: RHB Donn Koch
|
0-0: Ball 1-0: Called Strike 1-1: Foul Ball, location: 2F 1-2: Foul Ball, location: 2F 1-2: Strikes out swinging
|
|
Batting: RHB Edwin Rodriguez
|
0-0: Ball 1-0: Ball 2-0: Ball 3-0: Base on Balls
|
|
Batting: SHB Esteban Mendez
|
0-0: TRIPLE (Flyball, 89XD, EV 110.0 MPH) Edwin Rodriguez scores
|
|
Batting: LHB Juan Flores
|
0-0: SINGLE (Groundball, 6MD, EV 97.5 MPH) Esteban Mendez scores
|
|
Batting: RHB Curtis Cannedy
|
0-0: SINGLE (Groundball, 56D, EV 99.4 MPH) Juan Flores to second
|
|
Batting: LHB German Barranca
|
0-0: Ball 1-0: Fly out, F4 (Popup, 34, EV 54.4 MPH)
|
| Top of the 4th over - 2 runs, 3 hits, 0 errors, 2 left on base; Elmira 3 - Lynn 2 |
| BOTTOM OF THE 4TH |
|
Lynn Sailors batting - Pitching for Elmira Pioneers : RHP Rich Monteleone
|
|
Batting: RHB Lee Wenzel
|
0-0: Foul Ball, location: 2F 0-1: Called Strike 0-2: Ball 1-2: SINGLE (Flyball, 4D, EV 82.5 MPH)
|
|
Batting: SHB Danny Gans
|
0-0: Swinging Strike 0-1: Grounds into double play, 4-6-3 (Groundball, 4, EV 100.0 MPH)
|
|
Batting: RHB Ezequiel Carrasco
|
0-0: Called Strike 0-1: Called Strike 0-2: Ball 1-2: Ball 2-2: Ball 3-2: Ground out U3 (Groundball, 3, EV 90.0 MPH)
|
| Bottom of the 4th over - 0 runs, 1 hit, 0 errors, 0 left on base; Elmira 3 - Lynn 2 |
| TOP OF THE 5TH |
|
Elmira Pioneers batting - Pitching for Lynn Sailors : RHP Donald Cline
|
|
Pitching: RHP Trent Ferrin
|
|
|
Batting: RHB Ken Dowell
|
0-0: Fly out, F8 (Flyball, 8RM, EV 85.6 MPH)
|
|
Batting: RHB Ron Stinnett
|
0-0: Ball 1-0: Ball 2-0: Swinging Strike 2-1: Fly out, F9 (Line Drive, 9D, EV 89.4 MPH)
|
|
Batting: RHB Richard Givens
|
0-0: Ball 1-0: Swinging Strike 1-1: Ball 2-1: Foul Ball, location: 2F 2-2: Strikes out looking and he ARGUES THE CALL AND IS TOSSED!
|
| Top of the 5th over - 0 runs, 0 hits, 0 errors, 0 left on base; Elmira 3 - Lynn 2 |
| BOTTOM OF THE 5TH |
|
Lynn Sailors batting - Pitching for Elmira Pioneers : RHP Rich Monteleone
|
|
Now at 1B: Neil Fiala
|
|
|
Batting: RHB Ron Wotus
|
0-0: Ball 1-0: Foul Ball, location: 2F 1-1: Ball 2-1: Fly out, F8 (Line Drive, 8RM, EV 88.8 MPH)
|
|
Batting: RHB Jorge Hinojosa
|
0-0: Ball 1-0: Ball 2-0: Foul Ball, location: 2F 2-1: Called Strike 2-2: Ball 3-2: Ground out 5-3 (Groundball, 56, EV 89.4 MPH)
|
|
Batting: RHB Mike Rubel
|
0-0: Ball 1-0: Called Strike 1-1: Ball 2-1: Ball 3-1: Called Strike 3-2: SINGLE (Flyball, 89S, EV 90.0 MPH)
|
|
Batting: RHB Mike Reddish
|
0-0: Ball 1-0: Ground out 5-3 (Groundball, 56, EV 106.9 MPH)
|
| Bottom of the 5th over - 0 runs, 1 hit, 0 errors, 1 left on base; Elmira 3 - Lynn 2 |
| TOP OF THE 6TH |
|
Elmira Pioneers batting - Pitching for Lynn Sailors : RHP Trent Ferrin
|
|
Batting: RHB Donn Koch
|
0-0: Called Strike 0-1: Ball 1-1: Ball 2-1: Ball 3-1: Foul Ball, location: 2F 3-2: Foul Ball, location: 2F 3-2: Strikes out swinging
|
|
Batting: RHB Edwin Rodriguez
|
0-0: Foul Ball, location: 2F 0-1: Foul Ball, location: 2F 0-2: SINGLE (Groundball, 34D, EV 96.3 MPH)
|
|
Batting: SHB Esteban Mendez
|
0-0: Ball 1-0: Called Strike 1-1: Ball 2-1: Ball 3-1: SINGLE (Line Drive, 9S, EV 104.4 MPH) Edwin Rodriguez to second
|
|
Batting: LHB Juan Flores
|
0-0: Foul Ball, location: 2F 0-1: Fly out, F8 (Flyball, 8RM, EV 96.9 MPH)
|
|
Batting: RHB Curtis Cannedy
|
0-0: Ball 1-0: Ball 2-0: Reached on error, E5 (Groundball, 5S, EV 81.3 MPH) Edwin Rodriguez to third Esteban Mendez to second
|
|
Batting: LHB German Barranca
|
0-0: SINGLE (Flyball, 56D, EV 93.1 MPH) Edwin Rodriguez scores Esteban Mendez to third Curtis Cannedy to second Runner from 3rd tries for Home, SAFE, throw by LF to home
|
|
Batting: RHB Ken Dowell
|
0-0: Foul Ball, location: 2F 0-1: Ball 1-1: Ball 2-1: Fly out, F9 (Flyball, 9S, EV 91.3 MPH)
|
| Top of the 6th over - 2 runs, 3 hits, 1 error, 2 left on base; Elmira 5 - Lynn 2 |
| BOTTOM OF THE 6TH |
|
Lynn Sailors batting - Pitching for Elmira Pioneers : RHP Rich Monteleone
|
|
Batting: RHB Ted Trevino
|
0-0: Called Strike 0-1: Ground out 4-3 (Groundball, 4, EV 108.1 MPH)
|
|
Batting: RHB Vinny Jaramillo
|
0-0: Ball 1-0: Fly out, F9 (Line Drive, 9, EV 93.1 MPH)
|
|
Batting: RHB Lee Wenzel
|
0-0: Swinging Strike 0-1: Ball 1-1: SOLO HOME RUN (Flyball, 7D, EV 100.6 MPH), Distance : 358 ft
|
|
Batting: SHB Danny Gans
|
0-0: Ball 1-0: Swinging Strike 1-1: Ball 2-1: Foul Ball, location: 2F 2-2: Foul Ball, location: 2F 2-2: Foul Ball, location: 2F 2-2: Strikes out swinging
|
| Bottom of the 6th over - 1 run, 1 hit, 0 errors, 0 left on base; Elmira 5 - Lynn 3 |
| TOP OF THE 7TH |
|
Elmira Pioneers batting - Pitching for Lynn Sailors : RHP Trent Ferrin
|
|
Batting: RHB Ron Stinnett
|
0-0: Called Strike 0-1: Ball 1-1: Swinging Strike 1-2: Strikes out swinging
|
|
Batting: LHB Neil Fiala
|
0-0: Ball 1-0: Ball 2-0: Ball 3-0: Called Strike 3-1: Ground out 4-3 (Groundball, 4, EV 95.0 MPH)
|
|
Batting: RHB Donn Koch
|
0-0: Ball 1-0: Ball 2-0: Ball 3-0: Base on Balls
|
|
Batting: RHB Edwin Rodriguez
|
0-0: Ball 1-0: Ball 2-0: Ball 3-0: Called Strike 3-1: Foul Ball, location: 2F 3-2: Strikes out swinging
|
| Top of the 7th over - 0 runs, 0 hits, 0 errors, 1 left on base; Elmira 5 - Lynn 3 |
| BOTTOM OF THE 7TH |
|
Lynn Sailors batting - Pitching for Elmira Pioneers : RHP Rich Monteleone
|
|
Batting: RHB Ezequiel Carrasco
|
0-0: Called Strike 0-1: Ball 1-1: Foul Ball, location: 2F 1-2: Ball 2-2: SINGLE (Groundball, 6D, EV 97.5 MPH)
|
|
Batting: RHB Ron Wotus
|
0-0: Ball 1-0: Fly out, F6 (Popup, 6, EV 58.1 MPH)
|
|
Batting: RHB Jorge Hinojosa
|
0-0: Swinging Strike 0-1: Ball 1-1: 2-RUN HOME RUN (Flyball, 78XD, EV 106.9 MPH), Distance : 416 ft
|
|
Batting: RHB Mike Rubel
|
0-0: Called Strike 0-1: Foul Ball, location: 2F 0-2: Ball 1-2: Fly out, F1 (Line Drive, P, EV 60.6 MPH)
|
|
Batting: RHB Mike Reddish
|
0-0: Ball 1-0: Swinging Strike 1-1: Called Strike 1-2: Ball 2-2: Fly out, F6 (Popup, 6MS, EV 75.0 MPH)
|
| Bottom of the 7th over - 2 runs, 2 hits, 0 errors, 0 left on base; Elmira 5 - Lynn 5 |
| TOP OF THE 8TH |
|
Elmira Pioneers batting - Pitching for Lynn Sailors : RHP Trent Ferrin
|
|
Batting: SHB Esteban Mendez
|
0-0: Fly out, F4 (Line Drive, 4, EV 70.0 MPH)
|
|
Batting: LHB Juan Flores
|
0-0: Called Strike 0-1: Called Strike 0-2: Fly out, F9 (Flyball, 9S, EV 90.6 MPH)
|
|
Batting: RHB Curtis Cannedy
|
0-0: Foul Ball, location: 2F 0-1: Ball 1-1: Fly out, F7 (Flyball, 7LS, EV 95.6 MPH)
|
| Top of the 8th over - 0 runs, 0 hits, 0 errors, 0 left on base; Elmira 5 - Lynn 5 |
| BOTTOM OF THE 8TH |
|
Lynn Sailors batting - Pitching for Elmira Pioneers : RHP Rich Monteleone
|
|
Batting: RHB Ted Trevino
|
0-0: Ball 1-0: Foul Ball, location: 2F 1-1: Ball 2-1: Swinging Strike 2-2: SOLO HOME RUN (Flyball, 7LD, EV 90.6 MPH), Distance : 346 ft
|
|
Pitching: LHP Pat Perry
|
|
|
Batting: RHB Vinny Jaramillo
|
0-0: Called Strike 0-1: Swinging Strike 0-2: Foul Ball, location: 2F 0-2: SINGLE (Groundball, 25, EV 70.6 MPH) (infield hit)
|
|
Batting: RHB Lee Wenzel
|
0-0: Fly out, F7 (Flyball, 7D, EV 103.8 MPH)
|
|
Batting: SHB Danny Gans
|
0-0: Ball 1-0: Ball 2-0: Fly out, F4 (Flyball, 34D, EV 88.8 MPH)
|
|
Batting: RHB Ezequiel Carrasco
|
0-0: Ball 1-0: Ball 2-0: Fly out, F8 (Flyball, 89XD, EV 84.4 MPH)
|
| Bottom of the 8th over - 1 run, 2 hits, 0 errors, 1 left on base; Elmira 5 - Lynn 6 |
| TOP OF THE 9TH |
|
Elmira Pioneers batting - Pitching for Lynn Sailors : RHP Trent Ferrin
|
|
Pitching: RHP Mike Walters
|
|
|
Batting: LHB German Barranca
|
0-0: Called Strike 0-1: Ball 1-1: Ball 2-1: Foul Ball, location: 2F 2-2: Strikes out swinging
|
|
Batting: RHB Ken Dowell
|
0-0: Called Strike 0-1: Foul Ball, location: 2F 0-2: Ball 1-2: Foul Ball, location: 2F 1-2: Foul Ball, location: 2F 1-2: Strikes out swinging
|
|
Batting: SHB Michael Reeder
|
0-0: Called Strike 0-1: Foul Ball, location: 2F 0-2: Ball 1-2: Ball 2-2: Foul Ball, location: 2F 2-2: Fly out, F7 (Flyball, 78D, EV 106.9 MPH)
|
| Top of the 9th over - 0 runs, 0 hits, 0 errors, 0 left on base; Elmira 5 - Lynn 6 |
|